 Dungeon Crawl Stone Soup version 0.14-a0-2124-ga163777 (webtiles) character file.

247 M4edhros the Vandal (level 5, -2/33 HPs)
             Began as an Octopode Hunter on Jan 27, 2014.
             Killed from afar by an orc wizard (11 damage)
             ... with a magic dart
             ... on Level 5 of the Dungeon.
             The game lasted 00:03:06 (1608 turns).

M4edhros the Vandal (Octopode Hunter)               Turns: 1608, Time: 00:03:06

HP  -2/33        AC  1     Str 11      XL: 5   Next: 37%
MP   5/5         EV 12     Int 13      God:
Gold 92          SH  0     Dex 14      Spells:  0 memorised,  4 levels left

rFire  . . .     SeeInvis .     b - +1 sling
rCold  . . .     Rnd*Rage +     (no shield)
rNeg   . . .     Conserve .     (helmet restricted)
rPois  .         rCorr    .     (no amulet)
rElec  .         rRot     .     (no ring)
SustAb . .       Spirit   .     (no ring)
rMut   .         Warding  .     (no ring)
Saprov . . .     Stasis   .     (no ring)
MR     .....                    (no ring)
                                (no ring)
                                (no ring)
                                (no ring)

@: not resistant to hostile enchantments, stealthy
A: almost no armour, amphibious, 8 rings, constrict 8, camouflage 1, berserk 1,
spit poison 1, gelatinous body 1
a: Spit Poison


You were on level 5 of the Dungeon.
You were not hungry.

You visited 1 branch of the dungeon, and saw 5 of its levels.

You collected 92 gold pieces.

Inventory:

Hand weapons
 a - a +0,+0 short sword
 b - a +1,+1 sling (weapon)
 k - a +1,+2 orcish falchion of draining
Missiles
 c - 6 sling bullets (quivered)
 d - 40 stones
Comestibles
 f - 2 bread rations
 g - a meat ration
 h - an apple
Scrolls
 e - a scroll of enchant weapon I {unknown}
 i - a scroll of identify
 j - a scroll of fog
 l - a scroll of teleportation


   Skills:
 - Level 1.0 Fighting
 + Level 6.4 Slings
 - Level 2.0 Dodging
 - Level 1.3 Stealth


You had 4 spell levels left.
You didn't know any spells.

Dungeon Overview and Level Annotations

Branches:
Dungeon (5/16)
 Temple: D:4-7

Altars:


Innate Abilities, Weirdness & Mutations

You cannot wear most types of armour.
You are amphibious.
You can wear up to eight rings at the same time.
You can use your tentacles to constrict many enemies at once.
Your skin changes colour to match your surroundings (Stlth).
Your rubbery body absorbs attacks (AC +1).
You tend to lose your temper in combat.
You can spit poison.


Message History

Firing (i - inventory. (,) - cycle):
c - 9 sling bullets (quivered)
Press: ? - help, Shift-Dir - straight line, f - orc wizard
Aim: an orc wizard, wielding an orcish dagger and wearing an orcish robe You shoot a sling bullet.
The sling bullet hits the orc wizard.
The orc wizard is lightly wounded.
The orc wizard points at you and mumbles some strange words.
The magic dart hits you!
* * * LOW HITPOINT WARNING * * *
Firing (i - inventory. (,) - cycle):
c - 8 sling bullets (quivered)
Press: ? - help, Shift-Dir - straight line, f/p - orc wizard
Aim: an orc wizard, wielding an orcish dagger and wearing an orcish robe You shoot a sling bullet.
The sling bullet hits the orc wizard.
The orc wizard is lightly wounded.
Firing (i - inventory. (,) - cycle):
c - 7 sling bullets (quivered)
Press: ? - help, Shift-Dir - straight line, f/p - orc wizard
Aim: an orc wizard, wielding an orcish dagger and wearing an orcish robe (lightly wounded)
You shoot a sling bullet. The sling bullet misses the orc wizard.
The orc wizard points at you and mumbles some strange words.
The magic dart hits you!
You die...

#########.##.####
.............%..#
.########.##.##o#
#.##.# # #.##o#
#.##.# #.##.#
#.##.# #@##.#
#)##.# #(##.#
##(##.# #..(..#
#.....# #.o...#
#.(...# ...(...#


You could see an orc wizard.

Vanquished Creatures
  A hound (D:5)
  2 orc wizards
  A hound zombie (D:5)
  2 adders (D:2)
  A worm (D:4)
  An orc (D:4)
  A ball python (D:1)
  10 bats
  2 giant cockroaches
  5 goblins
  2 hobgoblins
  5 jackals
  2 kobolds (D:1)
  3 giant newts (D:1)
  A quokka skeleton (D:5)
  7 rats
46 creatures vanquished.

Notes
Turn   | Place    | Note
--------------------------------------------------------------
     0 | D:1      | M4edhros, the Octopode Hunter, began the quest for the Orb.
     0 | D:1      | Reached XP level 1. HP: 13/13 MP: 1/1
   115 | D:1      | Reached XP level 2. HP: 18/18 MP: 2/2
   131 | D:1      | Gained mutation: You can spit poison. [potion of mutation]
   131 | D:1      | Gained mutation: You tend to lose your temper in combat. [potion of mutation]
   714 | D:1      | Reached XP level 3. HP: 11/23 MP: 3/3
   877 | D:2      | Reached skill level 5 in Slings
  1095 | D:3      | Reached XP level 4. HP: 25/28 MP: 4/4
  1361 | D:5      | Entered Level 5 of the Dungeon
  1386 | D:5      | Reached skill level 6 in Slings
  1521 | D:5      | Reached XP level 5. HP: 9/33 MP: 5/5
  1608 | D:5      | Killed from afar by an orc wizard

Action                   |  1- 3 |  4- 6 || total
-------------------------+-------+-------++-------
Melee: Short sword       |    53 |       ||    53
       Falchion          |       |    19 ||    19
 Fire: Sling             |    34 |    14 ||    48
  Use: Scroll            |     8 |       ||     8
       Potion            |     2 |       ||     2
 Stab: Sleeping          |     2 |     2 ||     4
